 Dungeon Crawl Stone Soup version 0.21.0-25-ge575cb9ce8 (webtiles) character file.

2480 DildoBatman the Jinx (level 9, -12/66 HPs)
             Began as a Formicid Enchanter on Jan 23, 2018.
             Was a Believer of Sif Muna.
             Mangled by a two-headed ogre
             ... wielding a +0 giant club
              (20 damage)
             ... on level 8 of the Dungeon.
             The game lasted 00:30:24 (9667 turns).

DildoBatman the Jinx (Formicid Enchanter)           Turns: 9667, Time: 00:30:24

Health: -12/66     AC:  7    Str: 17    XL:     9   Next: 81%
Magic:  9/14       EV: 12    Int: 14    God:    Sif Muna [**....]
Gold:   393        SH:  2    Dex: 11    Spells: 11/15 levels left

rFire    . . .     SeeInvis +   a - +1 dagger (venom)
rCold    . . .     Gourm    .   (no shield)
rNeg     . . .     Faith    .   d - +0 ring mail
rPois    .         Spirit   .   (helmet unavailable)
rElec    .         Reflect  +   (no cloak)
rCorr    .         Harm     .   t - +0 pair of gloves
MR       .....                  (no boots)
Stlth    +++.......             D - +2 amulet of reflection
HPRegen  0.21/turn              m - ring of teleportation (curse)
MPRegen  0.14/turn              K - ring of wizardry

@: no status effects
A: permanent stasis, dig shafts and tunnels, four strong arms, antennae 3
a: Dig, Shaft Self, Divine Energy, Renounce Religion


You were on level 8 of the Dungeon.
You worshipped Sif Muna.
Sif Muna was pleased with you.
You were not hungry.

You visited 2 branches of the dungeon, and saw 9 of its levels.

You collected 393 gold pieces.

Inventory:

Hand Weapons
 a - a +1 dagger of venom (weapon)
 b - a +1 morningstar of crushing
Armour
 d - a +0 ring mail (worn)
 t - a +0 pair of gloves (worn)
Jewellery
 m - a cursed ring of teleportation (left hand)
 A - the amulet "Laweevodgh" {Inacc Dex+4}
   (You found it on level 6 of the Dungeon)

   [amulet of inaccuracy]

   It reduces the accuracy of all your attacks.
   It affects your dexterity (+4).
 D - a +2 amulet of reflection (around neck)
 K - a ring of wizardry (right hand)
Wands
 u - a wand of paralysis (22)
 y - a wand of disintegration (13)
 B - a wand of iceblast (6)
 F - a wand of flame (27)
Scrolls
 e - a scroll of fog {unknown}
 h - 4 scrolls of identify {unknown}
 i - 3 scrolls of blinking {unknown}
 k - 3 scrolls of fear
 l - 2 scrolls of enchant weapon
 o - 3 scrolls of amnesia {unknown}
 s - 2 scrolls of teleportation {unknown}
 w - 3 scrolls of magic mapping {unknown}
 x - 6 scrolls of remove curse
 C - a scroll of enchant armour {unknown}
 H - 2 scrolls of silence {unknown}
Potions
 f - 5 potions of brilliance {unknown}
 g - 3 potions of curing {unknown}
 j - 2 potions of flight {unknown}
 n - a potion of heal wounds
 p - a potion of invisibility {unknown}
 q - 2 potions of magic {unknown}
 r - a potion of ambrosia {unknown}
 E - a potion of mutation {unknown}
 G - a potion of haste {unknown}
 I - a potion of berserk rage {unknown}
Books
 c - a book of Maledictions

   Spells                             Type                      Level
   a - Corona                         Hexes                        1
   b - Ensorcelled Hibernation        Hexes/Ice                    2
   c - Confuse                        Hexes                        3
   d - Tukima's Dance                 Hexes                        3
   e - Dazzling Spray                 Conjuration/Hexes            3
 z - a book of Conjurations

   Spells                             Type                      Level
   a - Magic Dart                     Conjuration                  1
   b - Searing Ray                    Conjuration                  2
   c - Dazzling Spray                 Conjuration/Hexes            3
   d - Fulminant Prism                Conjuration/Hexes            4
   e - Force Lance                    Conjuration/Translocation    4
   f - Iskenderun's Mystic Blast      Conjuration                  4
Comestibles
 v - 11 rations
 J - 5 chunks of flesh


   Skills:
 * Level 4.6 Fighting
 - Level 1.0 Short Blades
 - Level 5.0 Armour
 * Level 3.4 Dodging
 - Level 7.0 Stealth
 * Level 3.8 Spellcasting
 * Level 10.7 Hexes


You had 11 spell levels left.
You knew the following spells:

 Your Spells              Type           Power        Failure   Level  Hunger
a - Corona                Hex            ####...      1%          1    None
b - Confuse               Hex            ####....     1%          3    ###....


Dungeon Overview and Level Annotations

Branches:
Dungeon (8/15)             Temple (1/1) D:5
   Lair: D:8-11

Altars:
Ashenzari
Cheibriados
Dithmenos
Elyvilon
Fedhas
Gozag
Hepliaklqana
Kikubaaqudgha
Makhleb
Nemelex Xobeh
Okawaru
Qazlal
Ru
Sif Muna
Trog
Uskayaw
Vehumet
Wu Jian
Xom
Yredelemnul
Zin
The Shining One

Shops:
D:7 :

Annotations:
D:1 Natasha
D:2 Sigmund
D:4 Menkaure, Prince Ribbit
D:7 exclusion: sensed monster (detected)


Innate Abilities, Weirdness & Mutations

You cannot be hasted, slowed, berserked, paralysed or teleported.
You can dig through walls and to a lower floor.
Your four strong arms can wield two-handed weapons with a shield.
You have a pair of large antennae on your head. (SInv)


Message History

You catch the helpless two-headed ogre completely off-guard!
You puncture the two-headed ogre!
The two-headed ogre is poisoned.
The two-headed ogre is moderately wounded.
You hit the two-headed ogre.
The two-headed ogre looks as sick as possible!
The two-headed ogre is moderately wounded.
The two-headed ogre hits you with a giant club!! x2
You hit the two-headed ogre.
The two-headed ogre looks as sick as possible!
The two-headed ogre is heavily wounded.
You barely miss the two-headed ogre.
The two-headed ogre is heavily wounded.
The two-headed ogre hits you with a giant club!
The two-headed ogre closely misses you.
You hit the two-headed ogre but do no damage.
The two-headed ogre looks as sick as possible!
The two-headed ogre is heavily wounded.
The two-headed ogre hits you with a giant club!!
You die...

###O####.....รท.......
#..# ##.......###..
#..###...#...## ######
##......#...## #.##.##
##..........##
##.#..###..##......##
##...#..#######..##
###...### ##O.##
#....## #.@..#
#####.## ##..#..##
#...### ##..####...
###.. ##.##..###..##
#..# ..##..
#.####..(#.## #.##
...... ##.# ###...#
#..# #...... #.##
##.## #..###..# # ###
##..# ###.....# ## ###
##...## ##......# ###.


You could see a two-headed ogre (confused).

Vanquished Creatures
  A hippogriff (D:8)
  An orc warrior (D:7)
  2 ice beasts (D:7)
  2 sky beasts (D:7)
  A black bear (D:7)
  A centaur (D:6)
  4 bullfrogs
  2 wyvern skeletons
  2 scorpions
  4 killer bees (D:7)
  3 howler monkeys
  3 crimson imps
  A centaur zombie (D:8)
  A jelly (D:5)
  A centaur skeleton (D:5)
  An orc priest (D:7)
  3 hounds
  5 orc wizards
  A bullfrog skeleton (D:5)
  7 worker ants
  A hound skeleton (D:7)
  A howler monkey skeleton (D:7)
  13 adders
  2 shadow imps (D:5)
  An adder zombie (D:6)
  3 oozes
  3 adder skeletons
  3 worms
  A dart slug (D:1)
  4 leopard geckos
  24 orcs
  4 giant cockroaches
  4 goblins
  7 hobgoblins
  9 jackals
  5 kobolds
  4 quokkas
  7 bats
  6 frilled lizards
  2 leopard gecko skeletons
  3 rats
153 creatures vanquished.

Notes
Turn   | Place    | Note
-------+----------+-------------------------------------------
     0 | D:1      | DildoBatman the Formicid Enchanter began the quest for the Orb.
     0 | D:1      | Reached XP level 1. HP: 13/13 MP: 3/3
   269 | D:1      | Reached skill level 1 in Fighting
   567 | D:1      | Reached XP level 2. HP: 15/21 MP: 1/5
  1467 | D:2      | Reached XP level 3. HP: 21/28 MP: 4/6
  1472 | D:2      | Learned a level 3 spell: Confuse
  1569 | D:2      | Noticed Natasha
  2194 | D:2      | Reached XP level 4. HP: 29/35 MP: 5/7
  2418 | D:2      | Noticed an ogre
  2456 | D:2      | Noticed Sigmund
  2675 | D:3      | Reached skill level 1 in Armour
  2688 | D:3      | Reached skill level 4 in Hexes
  3196 | D:3      | Reached XP level 5. HP: 41/41 MP: 6/8
  4018 | D:3      | Reached skill level 5 in Stealth
  4026 | D:4      | Noticed an ogre
  4238 | D:4      | Reached XP level 6. HP: 19/47 MP: 7/9
  4410 | D:4      | Noticed a phantom
  4952 | D:4      | Noticed Menkaure
  5075 | D:5      | Entered Level 5 of the Dungeon
  5085 | D:5      | Noticed Prince Ribbit
  5599 | D:5      | Noticed a two-headed ogre
  5711 | D:5      | Found a deep blue altar of Sif Muna.
  5714 | D:5      | Became a worshipper of Sif Muna the Loreminder
  6033 | D:5      | Reached XP level 7. HP: 42/52 MP: 10/10
  6067 | D:5      | Reached skill level 5 in Hexes
  6123 | D:5      | Reached skill level 6 in Hexes
  6164 | D:5      | Found a staircase to the Ecumenical Temple.
  6176 | Temple   | Entered the Ecumenical Temple
  6694 | D:6      | Reached skill level 7 in Hexes
  6696 | D:6      | Reached * piety under Sif Muna
  6708 | D:6      | Found a shadowy altar of Dithmenos.
  6735 | D:6      | Reached XP level 8. HP: 45/58 MP: 11/11
  7053 | D:6      | Got a twitching iron amulet
  7054 | D:6      | Identified the amulet "Laweevodgh" {Inacc Dex+4} (You found it on level 6 of the Dungeon)
  7467 | D:6      | Found a shadowy altar of Dithmenos.
  7534 | D:6      | Reached skill level 8 in Hexes
  7867 | D:6      | Reached skill level 9 in Hexes
  8046 | D:7      | Noticed a hog
  8151 | D:7      | Reached skill level 10 in Hexes
  8209 | D:7      | Reached ** piety under Sif Muna
  8239 | D:7      | Reached XP level 9. HP: 54/64 MP: 8/12
  8404 | D:7      | Found a shattered altar of Ashenzari.
  8661 | D:7      | Found Gadghil's Book Shop.
  8742 | D:7      | Found a glowing silver altar of Zin.
  9299 | D:8      | Reached skill level 5 in Armour
  9362 | D:8      | Noticed a two-headed ogre
  9440 | D:8      | Noticed a hippogriff
  9453 | D:8      | Killed a hippogriff
  9533 | D:8      | Found a basalt altar of Yredelemnul.
  9535 | D:8      | Found a burning altar of Makhleb.
  9540 | D:8      | Found a snail-covered altar of Cheibriados.
  9540 | D:8      | Found a stormy altar of Qazlal.
  9667 | D:8      | Mangled by a two-headed ogre

Skill      XL: |  1  2  3  4  5  6  7  8  9 |
---------------+----------------------------+-----
Fighting       | 1 2 3 4 |  4.6
Armour         | 1 3 4 5 |  5.0
Dodging        | 2 3 |  3.4
Stealth        | 4 5 6 7 |  7.0
Hexes          | 4 7 10 | 10.7
Spellcasting   | 3 |  3.8
Short Blades   | |  1.0

Action                   |  1- 3 |  4- 6 |  7- 9 || total
-------------------------+-------+-------+-------++-------
Melee: Short sword       |    30 |       |       ||    30
       Dagger            |    55 |   224 |   303 ||   582
       Morningstar       |       |       |    55 ||    55
 Cast: Corona            |    21 |    35 |    62 ||   118
       Confuse           |       |     3 |    15 ||    18
 Abil: Dig               |     2 |     7 |     7 ||    16
  Use: Scroll            |     3 |     1 |       ||     4
       Potion            |     1 |       |       ||     1
 Stab: Sleeping          |     2 |     4 |     5 ||    11
       Confused          |       |       |     8 ||     8
  Eat: Chunk             |     5 |    10 |    15 ||    30
       Ration            |       |     1 |       ||     1
Armor: Robe              |     3 |       |       ||     3
       Scale mail        |    36 |    68 |       ||   104
       Leather armour    |     2 |     1 |       ||     3
       Ring mail         |       |    24 |   127 ||   151
Dodge: Dodged            |    45 |   119 |   211 ||   375
Block: Other             |       |       |    10 ||    10
